 Dungeon Crawl Stone Soup version 0.21.0-24-g2553a33 (webtiles) character file.

200 SedStubbie the Skirmisher (level 5, 0/42 HPs)
             Began as a Demonspawn Abyssal Knight on Jan 20, 2018.
             Was a Believer of Lugonu.
             Succumbed to an orc wizard's poison
             ... on level 3 of the Dungeon.
             The game lasted 00:09:13 (3093 turns).

SedStubbie the Skirmisher (DsAK)                    Turns: 3093, Time: 00:09:14

Health: 0/42       AC: 11    Str: 14    XL:     5   Next: 49%
Magic:  6/6        EV: 17    Int: 13    God:    Lugonu [**....]
Gold:   126        SH:  0    Dex: 17    Spells: 4/4 levels left

rFire    . . .     SeeInvis .   a - +2 mace
rCold    . . .     Gourm    .   (no shield)
rNeg     . . .     Faith    .   b - +0 leather armour
rPois    .         Spirit   .   (no helmet)
rElec    .         Reflect  .   (no cloak)
rCorr    .         Harm     .   d - +0 pair of gloves
MR       .....                  n - +0 pair of boots
Stlth    ++........             (no amulet)
HPRegen  0.14/turn              (no ring)
MPRegen  0.10/turn              (no ring)

@: agile, lethally poisoned (0 -> -21), sanguine armour
A: claws 1, powered by pain 1, sanguine armour 1
a: Depart the Abyss, Bend Space, Renounce Religion


You were on level 3 of the Dungeon.
You worshipped Lugonu.
Lugonu was pleased with you.
You were not hungry.

You visited 1 branch of the dungeon, and saw 3 of its levels.
You visited the Abyss 1 time.

You collected 126 gold pieces.

Inventory:

Hand Weapons
 a - a +2 mace (weapon)
Armour
 b - a +0 leather armour (worn)
 d - a +0 pair of gloves (worn)
 n - a +0 pair of boots (worn)
Wands
 g - a wand of paralysis (21)
Scrolls
 e - 5 scrolls of identify
 f - 2 scrolls of remove curse
 i - a scroll of teleportation
 m - a scroll of random uselessness {unknown}
 q - a scroll of amnesia
 r - a scroll of fear {unknown}
Potions
 h - a potion of lignification
 k - a potion of agility {unknown}
 l - a potion of heal wounds {unknown}
 o - a potion of brilliance {unknown}
 p - a potion of berserk rage {unknown}
Comestibles
 c - 7 rations


   Skills:
 + Level 4.0 Fighting
 + Level 3.6 Maces & Flails
 + Level 2.3 Armour
 + Level 1.6 Dodging
 + Level 0.2 Stealth
 + Level 1.3 Unarmed Combat
 + Level 2.4 Invocations


You had 4 spell levels left.
You didn't know any spells.

Dungeon Overview and Level Annotations

Branches:
Dungeon (3/15)

Altars:
Dithmenos


Innate Abilities, Weirdness & Mutations

You have sharp fingernails.
You sometimes gain a little power by taking damage.
When seriously injured, your bleeding wounds create armour. (AC +6)


Message History

You are more poisoned.
The orc wizard hits you but does no damage.
The orc priest looks satisfied for a moment.
You feel sick.
The orc priest invokes the aid of Beogh against you.
Pain shoots through your body!
You focus on the pain.
You feel agile all of a sudden.
The orc priest invokes the aid of Beogh against you.
Beogh smites you!
* * * LOW HITPOINT WARNING * * *
* * * LOW HITPOINT WARNING * * *
You feel sick.
The orc wizard hits you but does no damage.
You are more poisoned.
Things that are here:
a dagger; a leather armour
* * * LOW HITPOINT WARNING * * *
You feel sick.
There is an open door here.
You die...

#.####.# #......# ###.####.#
#...# #.# #########.######+## ##
#......#...#......######.
#########......#..........#....#.
...............#..........#....#.
...............#@...#######......
.o...........oo'....# ###'##.
..........o....#....# #######.###
#.o............#....#............
#o######..o....####.#.#######.###
....s............................
.goo.....##......>#.#.#######.##.
#.######..###.###.#.#.# #..'. #o#
#........#.#.# # ####.


You could see 2 orc priests, an orc wizard and an orc.

Vanquished Creatures
  2 orc wizards (D:3)
  Jessica (D:3)
  2 adders
  An ooze (D:2)
  2 worms (D:2)
  4 dart slugs
  A leopard gecko (D:2)
  8 orcs (D:3)
  2 ball pythons
  7 giant cockroaches
  4 goblins
  6 hobgoblins
  9 jackals
  A quokka (D:2)
  3 bats
  5 frilled lizards
  6 kobolds
  8 rats
72 creatures vanquished.

Notes
Turn   | Place    | Note
-------+----------+-------------------------------------------
     0 | Abyss:1  | SedStubbie the Demonspawn Abyssal Knight began the quest for the Orb.
     0 | Abyss:1  | Reached XP level 1. HP: 18/18 MP: 2/2
    65 | Abyss:1  | Noticed an apocalypse crab
    69 | D:1      | Escaped the Abyss
   462 | D:1      | Gained mutation: When seriously injured, your bleeding wounds create armour. (AC +6) [demonic ancestry]
   462 | D:1      | Reached XP level 2. HP: 8/24 MP: 3/3
  1433 | D:2      | Reached * piety under Lugonu
  1437 | D:2      | Gained mutation: You sometimes gain a little power by taking damage. [demonic ancestry]
  1437 | D:2      | Reached XP level 3. HP: 25/29 MP: 4/4
  1548 | D:2      | Reached skill level 1 in Dodging
  1746 | D:2      | Reached XP level 4. HP: 19/37 MP: 5/5
  2405 | D:3      | Found a shadowy altar of Dithmenos.
  2540 | D:3      | Noticed Jessica
  2582 | D:3      | Killed Jessica
  2582 | D:3      | Gained mutation: You have sharp fingernails. [demonic ancestry]
  2582 | D:3      | Reached XP level 5. HP: 9/42 MP: 6/6
  2588 | D:3      | Reached skill level 4 in Fighting
  2830 | D:3      | Reached ** piety under Lugonu
  2842 | D:3      | Reached skill level 1 in Unarmed Combat
  3092 | D:3      | HP: 2/42 [poisoned by an orc wizard]
  3093 | D:3      | Succumbed to an orc wizard's poison

Skill      XL: |  1  2  3  4  5 |
---------------+----------------+-----
Maces & Flails | 2 3 |  3.6
Armour         | 2 |  2.3
Dodging        | 1 |  1.6
Fighting       | 4 |  4.0
Unarmed Combat | 1 |  1.3
Stealth        | |  0.2
Invocations    | |  2.4

Action                   |  1- 3 |  4- 6 || total
-------------------------+-------+-------++-------
Melee: Mace              |   166 |    85 ||   251
       Unarmed           |       |    28 ||    28
Invok: Depart the Abyss  |     1 |       ||     1
Evoke: Wand              |       |     1 ||     1
  Use: Scroll            |     1 |     9 ||    10
 Stab: Paralysed         |       |     4 ||     4
  Eat: Chunk             |     3 |     4 ||     7
Armor: Leather armour    |    52 |    43 ||    95
       Skin              |       |     3 ||     3
Dodge: Dodged            |   102 |    85 ||   187
